 Dungeon Crawl Stone Soup version 0.21.0-3-g78d12a8 (webtiles) character file.

44 raph the Ruffian (level 3, -1/36 HPs)
             Began as a Troll Monk on Jan 13, 2018.
             Slain by Terence
             ... wielding a +2 mace of draining
              (2 damage)
             ... on level 3 of the Dungeon.
             The game lasted 00:02:12 (1687 turns).

raph the Ruffian (Troll Monk)                       Turns: 1687, Time: 00:02:13

Health: -1/36      AC:  5    Str: 19    XL:     3   Next: 39%
Magic:  2/2        EV:  9    Int:  6    God:
Gold:   53         SH:  0    Dex: 13    Spells: 2/2 levels left

rFire    . . .     SeeInvis .     - Unarmed
rCold    . . .     Gourm    +   (no shield)
rNeg     . . .     Faith    .   a - +0 robe
rPois    .         Spirit   .   (helmet restricted)
rElec    .         Reflect  .   (no cloak)
rCorr    .         Harm     .   (gloves unavailable)
MR       .....                  (boots unavailable)
Stlth    +.........             (no amulet)
HPRegen  0.52/turn              (no ring)
MPRegen  0.08/turn              (no ring)

@: heavily drained
A: large, unfitting armour, claws 3, fast metabolism 3, gourmand, regeneration
1, shaggy fur 1, tough skin 2
a: no special abilities


You were on level 3 of the Dungeon.
You were not hungry.

You visited 1 branch of the dungeon, and saw 3 of its levels.

You collected 53 gold pieces.

Inventory:

Armour
 a - a +0 robe (worn)
Scrolls
 c - a scroll of magic mapping {unknown}
 d - 2 scrolls of enchant weapon {unknown}
 e - 4 scrolls of teleportation {unknown}
 f - 2 scrolls of identify {unknown}
 j - a scroll of amnesia {unknown}
 k - a scroll of blinking {unknown}
 l - a scroll of remove curse {unknown}
Potions
 g - a potion of curing {unknown}
 h - a potion of ambrosia {unknown}
 i - 3 potions of agility {unknown}
 m - a potion of magic {unknown}
Comestibles
 b - 6 rations


   Skills:
 + Level 2.7(0.9) Fighting
 + Level 2.8(0.9) Dodging
 - Level 1.0(0.0) Stealth
 * Level 3.8(1.8) Unarmed Combat


You had 2 spell levels left.
You didn't know any spells.

Dungeon Overview and Level Annotations

Branches:
Dungeon (3/15)

Altars:
Cheibriados

Annotations:
D:3 Terence


Innate Abilities, Weirdness & Mutations

You are too large for most types of armour.
You have claws for hands.
Your metabolism is lightning-fast.
You like to eat raw meat.
Your natural rate of healing is unusually fast.
You are covered in fur. (AC +1)
You have very tough skin. (AC +2)


Message History

You claw the hobgoblin!
You kill the hobgoblin!
You scratch something but do no damage. You barely miss something.
Something hits you but does no damage.
You feel drained.
You scratch something. Something hits you!
You feel drained.
You closely miss something. Something hits you but does no damage.
You feel drained.
You barely miss something. Something hits you!
You feel drained.
You scratch something. You miss something. Something hits you.
You feel drained.
You scratch something but do no damage. Something hits you!
* * * LOW HITPOINT WARNING * * *
You feel drained.
* * * LOW HITPOINT WARNING * * *
You barely miss something. Something hits you.
* * * LOW HITPOINT WARNING * * *
You feel drained.
You closely miss something. Something hits you.
You die...

#.......# .....
#.......# .Jw...
#.......##......
#........'......
########.#.....
#w# ...
###############K#
.
#.............#{#
#.###########.#@#
#.# #.#.# #.#
#.#.#
#.###########.#.#
#.##........#.#.#
#.##.######.#.#.#
#.##.....<#...#.#
#.#############.#
#...........(...#


You could see a dart slug and a kobold.

Vanquished Creatures
  3 dart slugs
  A leopard gecko (D:1)
  An orc (D:3)
  2 goblins (D:1)
  3 hobgoblins
  5 jackals
  A quokka (D:2)
  2 ball pythons
  A frilled lizard (D:1)
  10 kobolds
  5 rats
34 creatures vanquished.

Notes
Turn   | Place    | Note
-------+----------+-------------------------------------------
     0 | D:1      | raph the Troll Monk began the quest for the Orb.
     0 | D:1      | Reached XP level 1. HP: 22/22 MP: 0/0
   141 | D:1      | Reached XP level 2. HP: 27/29 MP: 1/1
   979 | D:2      | Reached XP level 3. HP: 19/36 MP: 2/2
  1215 | D:2      | Found a snail-covered altar of Cheibriados.
  1658 | D:3      | Noticed Terence
  1686 | D:3      | HP: 1/36 [something (3)]
  1687 | D:3      | Slain by Terence

Action                   || total
-------------------------++-------
Melee: Unarmed           ||    99
 Stab: Sleeping          ||     2
  Eat: Chunk             ||    14
Armor: Robe              ||    31
Dodge: Dodged            ||    48
